Unix NetHack Version 3.7.0-101 Work-in-progress - last build Apr 2 2024 00:39:54 (cf3915abb6dcc6e3362b2b16a766b7b4f6c45fc9,branch:master). Game began 2024-03-30 23:00:29, ended 2024-04-04 00:50:54. Ted, chaotic male dwarven Archeologist ----- ...| _ ---------..-- A|.......|...-- @ |...&...|....---... |...@...-.@)@%-...... _ |..&.@..|....---.%.......-----....... |.......|...-- --...%...-- -----+-- ---------..-- ---%---- --...... L %..| --...--------....... ----- ...........|........ ........%..--....... .........%..--...... .............----|-- .................... -------------------- Ted the Speleologist St:18/91 Dx:24 Co:20 In:16 Wi:16 Ch:16 Chaotic S:1724834 Astral Plane $:0 HP:385(500) Pw:65(98) AC:-24 Xp:22/23263361 Satiated Fly T:71477 Latest messages: The high priest of Huhetotl points at you, then curses. What do you want to take off? [BCGH or ?*] H You finish taking off your helm. What do you want to wear? [HQ or ?*] ? The priestess of Huhetotl swings her mace at the priest of Huhetotl. The priestess of Huhetotl hits the priest of Huhetotl. The priestess of Huhetotl hits the priest of Huhetotl. The priest of Huhetotl swings his long sword at the priestess of Huhetotl. The priest of Huhetotl hits the priestess of Huhetotl. The priest of Huhetotl hits the priestess of Huhetotl. The priestess of Moloch swings her mace at the priest of Huhetotl. The priestess of Moloch hits the priest of Huhetotl. The priestess of Moloch hits the priest of Huhetotl. The high priest of Huhetotl swings his mace. The high priest of Huhetotl hits! The high priest of Huhetotl kicks! The high priest of Huhetotl points at you, then curses. The high priest of Huhetotl points at you, then curses. The high priest of Huhetotl swings his mace. The high priest of Huhetotl hits! The high priest of Huhetotl kicks! The high priest of Huhetotl points at you, then curses. The high priest of Huhetotl points at you, then curses. A demilich suddenly appears close by! You finish your dressing maneuver. Your mind oscillates briefly. An erinys suddenly appears next to you! An erinys suddenly appears next to you! You are blasted by the Orb of Detection's power! You are blasted by the Mitre of Holiness' power! The Mitre of Holiness is beyond your control! The helm of opposite alignment glows black for a moment. You are too impaired to perform the rite. What do you want to use or apply? [a-eg-ipuxESZ or ?*] u You feel less confused now. The priestess of Huhetotl swings her mace at the priest of Huhetotl. The priestess of Huhetotl hits the priest of Huhetotl. The priestess of Moloch picks up a small shield. What do you want to sacrifice? [F or ?*] ? You offer the Amulet of Yendor to Huhetotl... An invisible choir sings, and you are bathed in radiance... The voice of Huhetotl rings out: "Mortal, thou hast done well!" "In return for thy service, I grant thee the gift of Immortality!" You ascend to the status of Demigod... Do you want your possessions identified? [ynq] (y) y Do you want to see your attributes? [ynq] (y) y Do you want an account of creatures vanquished? [ynaq] (y) y Do you want a list of extinct species? [ynaq] (y) y Do you want to see your conduct and achievements? [ynq] (y) y Do you want to see the dungeon overview? [ynq] (y) y Inventory: Amulets Y - a blessed amulet of flying (being worn) k - an uncursed amulet of life saving Weapons w - the blessed +6 Grayswandir (wielded in right hand) W - a blessed +6 silver saber (wielded in left hand) Armor Q - a cursed -1 helm of opposite alignment (being worn) H - the blessed tempered +5 Mitre of Holiness G - a blessed fireproof +4 pair of gauntlets of dexterity (being worn) B - a blessed fireproof +5 pair of speed boots (being worn) C - a blessed fireproof +5 cloak of magic resistance (being worn) R - a blessed fireproof +4 Hawaiian shirt with a jellyfish motif (being worn) A - an uncursed greased +4 silver dragon scale mail (being worn) Comestibles T - a blessed homemade tin of frost giant meat n - 4 blessed homemade tins of nurse meat Rings M - an uncursed ring of conflict (on right hand) m - an uncursed +4 ring of increase accuracy X - a blessed +6 ring of increase damage (on left hand) V - an uncursed ring of regeneration Wands e - a wand of death (1:4) Z - a wand of death (0:0) S - a wand of digging (0:4) x - a wand of teleportation (0:7) Tools h - a blessed bag of holding containing 76 items d - an uncursed sack containing 3 items b - an uncursed blindfold i - a blessed magic marker (1:10) c - a magic marker (0:7) p - the blessed Orb of Detection (1:6) E - an uncursed skeleton key a - an uncursed stethoscope u - a blessed +0 unicorn horn Gems/Stones N - an uncursed amethyst stone o - 2 uncursed citrine stones j - 3 uncursed diamonds P - 2 uncursed rubies L - a blessed luckstone g - an uncursed touchstone Contents of the sack: a wand of cancellation (0:7) a wand of cancellation (0:7) a wand of cancellation (0:4) Contents of the bag of holding: an uncursed amulet of life saving an uncursed amulet of life saving an uncursed amulet of magical breathing an uncursed amulet of reflection an uncursed amulet versus poison 2 uncursed kebabs 2 uncursed carrots 3 uncursed food rations an uncursed fortune cookie a blessed tin of blue dragon meat a blessed tin of guardian naga meat 4 blessed tins of nurse meat 5 uncursed lizard corpses 3 blessed scrolls of blank paper 3 cursed scrolls of blank paper 3 blessed scrolls of charging an uncursed scroll of charging 2 uncursed scrolls of earth 2 uncursed scrolls of enchant armor 2 uncursed scrolls of enchant weapon 2 blessed scrolls of genocide a blessed scroll of remove curse an uncursed scroll of scare monster 2 uncursed scrolls of taming an uncursed scroll of teleportation 2 cursed scrolls of teleportation a blessed spellbook of clairvoyance an uncursed spellbook of detect treasure an uncursed spellbook of extra healing a blessed spellbook of force bolt an uncursed spellbook of healing a blessed spellbook of identify a blessed spellbook of magic mapping an uncursed spellbook of stone to flesh an uncursed potion of healing 3 potions of holy water an uncursed ring of free action an uncursed ring of levitation an uncursed ring of polymorph an uncursed ring of shock resistance an uncursed ring of slow digestion an uncursed ring of teleport control an uncursed ring of teleportation a wand of create monster (0:3) a wand of death (0:4) a wand of death (0:4) a wand of digging (0:7) a wand of digging (0:3) a wand of digging (0:3) a wand of digging (0:1) a wand of fire (0:3) a wand of polymorph (0:7) a wand of polymorph (0:6) a wand of polymorph (0:4) a wand of sleep (0:4) a blessed wand of striking (0:7) a blessed wand of striking (0:3) a wand of striking (0:6) a wand of striking (0:4) a wand of teleportation (0:7) a wand of teleportation (0:5) a wand of teleportation (0:5) a blessed wand of wishing (1:0) a blessed magic marker (1:2) a magic marker (0:65) an uncursed magic whistle a blessed rustproof +6 pick-axe a blessed tin opener a blessed tinning kit (1:44) 3 uncursed emeralds 3 uncursed garnet stones 4 uncursed jade stones 2 uncursed jasper stones 8 uncursed jet stones an uncursed topaz stone an uncursed turquoise stone Ted the Archeologist's attributes: Background: You were a Speleologist, a level 22 male dwarven Archeologist. You were chaotic, temporarily on a mission for Huhetotl who was opposed by Quetzalcoatl (lawful) and Camaxtli (neutral). You were actually lawful. You were right-handed. You were in the endgame, on the Astral Plane. You entered the dungeon 71477 turns ago. It was the midnight hour. You had 23263361 experience points, 6736639 more were needed for level 23. Your score was 1724834 before end-of-game adjustments. Basics: You had 385 out of 500 hit points. You had 65 out of 98 energy points (spell power). Your armor class was -24. Your wallet was empty. Autopickup was off. Final Characteristics: Your strength was 18/91 (limit:18/100). Your dexterity was 24 (base:20, innate limit:20). Your constitution was 20 (limit:20). Your intelligence was 16 (limit:16). Your wisdom was 16 (limit:16). Your charisma was 16 (limit:16). Final Status: You were flying. You were satiated. You were unencumbered. You were wielding two weapons at once. Your skill in saber was limited by being basic with two weapons. Final Attributes: You were the Hand of Elbereth. You were fervently aligned. You were magic-protected. You were fire resistant. You were cold resistant. You were sleep resistant. You were disintegration resistant. You were shock resistant. You were poison resistant. You resisted hallucinations. You saw invisible. You were telepathic. You had automatic searching. You had infravision. You were stealthy. You caused conflict. You had a moderate damage bonus (+6). You were warded. You took half spell damage. You were very fast. You had reflection. You were extremely lucky. You had extra luck. Good luck did not time out for you. You survived. Miscellaneous: You encountered 2 bones levels. Total elapsed playing time was 22 hours, 41 minutes and 6 seconds. Major events: Turn 1: Ted the lawful male dwarven Archeologist entered the dungeon 1149: attained the rank of Field Worker (level 3) 2082: was bestowed with Grayswandir by Quetzalcoatl 4712: attained the rank of Investigator (level 6) 7094: entered the Gnomish Mines 7206: reached Mine Town 7452: destroyed Ted's ghost, the former Investigator 7455: found Demonbane on the floor 8150: destroyed rourke's ghost, the former Thaumaturge 10078: entered Sokoban 10299: completed 1st Sokoban level 10635: completed 2nd Sokoban level 10975: completed 3rd Sokoban level 11354: attained the rank of Exhumer (level 10) 11544: completed 4th Sokoban level 11615: acquired the Sokoban amulet of reflection 14648: killed Medusa 15142: made his first wish - "blessed magic marker", got "a magic marker" 15161: wished for "blessed greased fixed +2 silver dragon scale mail", got "a greased silver dragon scale mail" 15402: made his first artifact wish - "blessed greased fixed +2 mitre of holiness", got "a greased crystal helmet named the Mitre of Holiness" 15978: attained the rank of Excavator (level 14) 16104: wished for "blessed spellbook of identify", got "a red spellbook" 18937: found the Orb of Detection on the floor 18940: killed the Minion of Huhetotl 18986: acquired the Bell of Opening 22129: was crowned "The Hand of Elbereth" by Quetzalcoatl 29781: was bestowed with Fire Brand by Quetzalcoatl 40959: was bestowed with Dragonbane by Quetzalcoatl 42936: wished for "blessed magic marker", got "a magic marker" 60262: was bestowed with Ogresmasher by Quetzalcoatl 60858: entered Gehennom 61023: attained the rank of Spelunker (level 18) 61818: killed Asmodeus 62070: killed Juiblex 62596: killed Baalzebub 64008: killed Orcus 67623: destroyed Vlad the Impaler 67624: acquired the Candelabrum of Invocation 67652: wished for "2 blessed potions of gain level", got "a potion of gain level" 68864: killed the Wizard of Yendor 68870: acquired the Book of the Dead 69046: killed the Wizard of Yendor (2nd time) 69052: performed the invocation 69377: killed the high priest of Moloch 69381: acquired The Amulet of Yendor 69715: attained the rank of Speleologist (level 22) 69817: killed the Wizard of Yendor (3rd time) 70062: killed the Wizard of Yendor (5th time) 71219: entered the Elemental Planes 71219: entered Plane of Earth 71268: entered Plane of Air 71317: entered Plane of Fire 71365: entered Plane of Water 71436: entered the Astral Plane 71455: killed Pestilence 71477: ascended Vanquished creatures: Asmodeus Baalzebub Orcus an erinys Juiblex the Wizard of Yendor (9 times) Pestilence Vlad the Impaler 8 arch-liches a high cleric a mastodon Medusa 4 krakens 4 iron golems 9 master liches 4 storm giants a titan 2 glass golems 3 balrogs the Minion of Huhetotl 18 purple worms 2 gray dragons a silver dragon 11 red dragons 5 white dragons 3 orange dragons 3 black dragons 3 blue dragons 3 green dragons 6 yellow dragons 32 minotaurs 8 jabberwocks 8 baluchitheria 5 Angels 5 demiliches 7 stone golems 7 master mind flayers 4 Olog-hai 3 Nazgul 12 pit fiends a sandestin 6 hell hounds 8 displacer beasts 5 titanotheres 4 trappers 5 baby red dragons a baby white dragon a baby orange dragon 2 guardian nagas 4 genetic engineers 3 disenchanters 28 vampire leaders 4 skeletons 8 aligned clerics 7 captains 6 shades 11 liches 5 clay golems 11 nurses 5 ice devils 5 nalfeshnees a lurker above 3 Aleaxes 6 frost giants 4 ettins 4 golden nagas 10 black puddings 32 vampires 6 lieutenants 41 ghosts a tourist a queen bee 2 winged gargoyles 4 mind flayers 11 giant mimics 7 long worms 8 zruties 4 fire giants 8 ogre tyrants 6 ice trolls 6 rock trolls 8 umber hulks 11 flesh golems 6 elven monarchs 4 doppelgangers 22 hezrous 18 bone devils 4 large mimics 4 wumpuses 9 fire vortices a couatl 19 stalkers 4 air elementals 10 fire elementals 12 earth elementals 16 water elementals 22 hill giants 5 giant mummies a black naga 14 xorns 15 giant zombies 17 elf-nobles 9 sergeants a water demon 14 barbed devils 14 vrocks 6 salamanders 20 wargs 9 winter wolves 11 hell hound pups 7 small mimics 2 glass piercers 11 warhorses 13 steam vortices 18 xans 9 ettin mummies 12 ogre leaders 18 quantum mechanics 16 trolls a sasquatch 4 wood golems 7 mariliths 4 sharks 9 electric eels 15 gelatinous cubes 8 pyrolisks 3 large dogs 8 freezing spheres 8 flaming spheres 8 shocking spheres 2 large cats 10 tigers 5 gargoyles a dwarf ruler a tengu 8 ochre jellies 5 leocrottas 10 energy vortices 4 mountain centaurs a stone giant 6 elf mummies 25 human mummies 7 red nagas 5 green slimes 21 pythons 13 pit vipers 11 cobras 51 wraiths 6 carnivorous apes 16 ettin zombies 3 leather golems 7 Grey-elves 46 soldiers 14 amorous demons 12 horned devils 9 chameleons 5 crocodiles 15 giant beetles 7 quivering blobs 22 cockatrices 17 wolves 13 winter wolf cubs 6 lynxes 6 panthers 10 gremlins a spotted jelly 48 leprechauns 7 orc-captains 7 iron piercers 4 mumakil 5 giant spiders 12 scorpions 10 horses 3 ice vortices a baby long worm 9 black lights 14 vampire bats 7 forest centaurs a gnome ruler 6 orc mummies 4 dwarf mummies an ogre 4 brown puddings 12 rust monsters 10 owlbears 8 yetis 4 gold golems 4 werewolves 5 Green-elves a piranha 11 giant eels 17 lizards a chickatrice 3 dingoes 2 dogs 3 housecats 5 jaguars 2 dwarf leaders 3 blue jellies 5 gray unicorns 5 black unicorns 3 dust vortices 6 ravens 4 plains centaurs 3 gnome mummies 31 snakes 24 apes 17 human zombies 5 rope golems 16 Woodland-elves 32 soldier ants 7 fire ants 8 bugbears 3 imps 5 lemures 8 quasits 5 wood nymphs 8 water nymphs 8 mountain nymphs 26 Mordor orcs 14 Uruk-hai 3 orc shamans 9 rock piercers 7 rock moles 7 ponies 15 fog clouds 17 yellow lights 2 shriekers 8 violet fungi a gnome leader 4 gnomish wizards 5 kobold mummies a golden naga hatchling 10 gray oozes 6 barrow wights 25 elf zombies 13 ghouls 5 straw golems 2 paper golems 4 jellyfish 23 giant ants 6 little dogs 16 floating eyes 3 kittens 2 dwarves 2 homunculi 4 kobold leaders 3 kobold shamans 40 hill orcs 28 rothes 2 rabid rats a centipede 11 giant bats 2 monkeys 20 orc zombies 17 dwarf zombies 4 wererats 7 werejackals 15 iguanas 56 killer bees 5 acid blobs 8 coyotes a gas spore 3 hobbits 25 manes a large kobold 12 hobgoblins 4 giant rats 17 cave spiders 2 brown molds a green mold 3 red molds 8 gnomes 33 garter snakes 15 gnome zombies 15 geckos 10 jackals 2 foxes 4 kobolds 5 goblins a sewer rat 15 grid bugs 7 bats a lichen 21 kobold zombies 3 newts 2489 creatures vanquished. Extinct species: erinyes (extinct) 1 species extinct. Voluntary challenges: You read items or engraved 178 times. You never engraved Elbereth. You never had a pet. You never genocided any monsters. You never polymorphed an object. You never changed form. You used 6 wishes (1 for an artifact). You violated the special Sokoban rules 7 times. Achievements: You entered a shop. You attained the rank of Field Worker. You attained the rank of Investigator. You entered the Gnomish Mines. You entered Minetown. You entered a temple. You entered Sokoban. You attained the rank of Exhumer. You completed Sokoban. You defeated Medusa. You attained the rank of Excavator. You handled the Bell of Opening. You entered Gehennom. You attained the rank of Spelunker. You handled the Candelabrum of Invocation. You handled the Book of the Dead. You gained access to Moloch's Sanctum. You attained the rank of Speleologist. You reached the Elemental Planes. You reached the Astral Plane. You delivered the Amulet of Yendor. You ascended! The Elemental Planes: Astral Plane: <- You are here. A temple and many altars. Plane of Water: Plane of Fire: Plane of Air: Plane of Earth: The Dungeons of Doom: levels 1 to 29 Level 1: One way stairs up to The Elemental Planes. Level 2: An altar. Level 3: A sink. Level 4: Stairs down to The Gnomish Mines. Level 5: An altar, a fountain. Level 6: Level 7: A sink. Level 8: Many fountains. Level 9: A fountain. Stairs up to Sokoban, level 8. Level 10: Level 11: A grave. Portal to Fort Ludios. Level 12: Some fountains. Level 13: Some fountains. Level 14: A fountain, a grave. Level 15: An altar to Huhetotl, some fountains, a grave. Portal to The Quest. Level 16: A fountain. Level 17: A primitive area. Level 18: A fountain. Level 19: Level 20: A temple and an altar, a fountain. Level 21: A fountain. Level 22: A grave. Level 23: A temple and an altar. Level 24: An altar to Huhetotl. Level 25: Level 26: Level 27: Level 28: Level 29: A fountain. The castle. Gehennom: levels 30 to 52 Level 30: A temple and an altar, many graves. Valley of the Dead. Level 31: Level 32: Level 33: A fountain. Level 34: Level 35: Level 36: Level 37: Level 38: Level 39: Stairs up to Vlad's Tower, level 38. Level 40: Level 41: An altar, many graves. Level 42: Level 43: Level 44: Level 45: Level 46: Level 47: Level 48: Level 49: Level 50: Level 51: Level 52: A temple and an altar, many graves. Moloch's Sanctum. The Gnomish Mines: levels 5 to 9 Level 5: Level 6: Level 7: A temple and an altar to Huhetotl, some fountains, some trees. Final resting place for Ted-Arc-Dwa-Fem-Law, killed by a rope golem. Level 8: A grave. Final resting place for rourke-Wiz-Hum-Fem-Neu, killed by a soldier. Level 9: The Quest: levels 1 to 5 Level 1: Completed quest for Lord Carnarvon. Level 2: Level 3: Some temples and some altars. Level 4: Level 5: A temple and an altar to Huhetotl. Sokoban: levels 8 up to 5 Level 5: Solved. Level 6: Solved. Level 7: Solved. Level 8: Solved. Fort Ludios: Level 1: Vlad's Tower: levels 38 up to 36 Level 36: Level 37: Level 38: Goodbye Ted the Demigod... You went to your reward with 1801234 points, The Orb of Detection (worth 2500 zorkmids and 6250 points) Grayswandir (worth 8000 zorkmids and 20000 points) The Mitre of Holiness (worth 2000 zorkmids and 5000 points) 8 jet stones (worth 6800 zorkmids), 4 jade stones (worth 1200 zorkmids), 3 diamonds (worth 12000 zorkmids), 3 emeralds (worth 7500 zorkmids), 3 garnet stones (worth 2100 zorkmids), 2 rubies (worth 7000 zorkmids), 2 citrine stones (worth 3000 zorkmids), 2 jasper stones (worth 1000 zorkmids), 1 turquoise stone (worth 2000 zorkmids), 1 topaz stone (worth 900 zorkmids), 1 amethyst stone (worth 600 zorkmids), 3 amulets of life saving (worth 450 zorkmids), 1 amulet versus poison (worth 150 zorkmids), 1 amulet of reflection (worth 150 zorkmids), 1 amulet of magical breathing (worth 150 zorkmids), 1 amulet of flying (worth 150 zorkmids), and 0 pieces of gold, after 71477 moves. You were level 22 with a maximum of 500 hit points when you ascended.